 Dungeon Crawl Stone Soup version 0.30.1 (webtiles) character file.

Game seed: 4790770534972689834

1273 Fodor the Shield-Bearer (level 8, -2/70 HPs)
             Began as a Minotaur Fighter on July 5, 2023.
             Was an Initiate of Gozag.
             Killed from afar by a white imp (10 damage)
             ... with a puff of frost
             ... on level 6 of the Dungeon.
             The game lasted 00:24:41 (4394 turns).

Fodor the Shield-Bearer (Minotaur Fighter)          Turns: 4394, Time: 00:24:43

Health: -2/70      AC: 13    Str: 23    XL:     8   Next: 28%
Magic:  7/7        EV:  7    Int:  7    God:    Gozag
Gold:   289        SH: 14    Dex: 12    Spells: 7/7 levels left

rFire   + . .        s - +5 rapier "Loblex" {heavy, Int+2 Dex+2}
rCold   . . .        w - +0 tower shield
rNeg    . . .        i - +0 chain mail
rPois   .            (helmet restricted)
rElec   .            (no cloak)
rCorr   .            B - +2 pair of gloves
SInv    .            (no boots)
Will    .....        (no amulet) Stlth
                     A - ring of protection from fire
HPRegen 0.31/turn    (no ring)
MPRegen 0.10/turn

%: no passive effects
@: mesmerised
A: horns 2, retaliatory headbutt
a: Renounce Religion, Potion Petition, Call Merchant, Bribe Branch


You were on level 6 of the Dungeon.
You worshipped Gozag.
Gozag was aware of your devotion.
You visited 2 branches of the dungeon, and saw 7 of its levels.

You collected 374 gold pieces.
You paid 85 gold pieces to Gozag.

Inventory:

Hand Weapons
 o - a +0 trident of pain
 s - the +5 rapier "Loblex" (weapon) {heavy, Int+2 Dex+2}
   (You found it on level 3 of the Dungeon)

   Int:       It affects your intelligence (+2).
   Dex:       It affects your dexterity (+2).
Missiles
 j - 3 throwing nets (quivered)
Armour
 i - a +0 chain mail (worn)
 w - a +0 tower shield (worn)
 B - a +2 pair of gloves (worn)
Jewellery
 A - a ring of protection from fire (left hand)
Wands
 c - a wand of charming (3)
 r - a wand of flame (11)
 y - a wand of roots (10)
Scrolls
 a - a scroll of brand weapon {unknown}
 b - a scroll of enchant weapon {unknown}
 f - 4 scrolls of teleportation {unknown}
 g - 9 scrolls of identify {unknown}
 k - a scroll of blinking {unknown}
 m - a scroll of immolation {unknown}
 u - 4 scrolls of fog {unknown}
 v - 2 scrolls of magic mapping {unknown}
 x - a scroll of torment {unknown}
Potions
 d - 2 potions of might
 e - a potion of attraction {unknown}
 h - a potion of heal wounds {unknown}
 l - 2 potions of haste {unknown}
 n - 2 potions of mutation {unknown}
 p - 2 potions of curing {unknown}
 q - 2 potions of brilliance {unknown}
 t - 2 potions of magic {unknown}
 z - a potion of lignification {unknown}


   Skills:
 + Level 5.8 Fighting
 + Level 4.8(5.3) Short Blades
 + Level 3.4(4.9) Long Blades
 + Level 2.2 Polearms
 + Level 6.8 Armour
 + Level 1.8 Dodging
 + Level 0.1 Stealth
 + Level 7.2 Shields


You had 7 spell levels left.
You didn't know any spells.
Your spell library contained the following spells:

 Spells                   Type           Power      Damage    Failure   Level
 Cigotuvi's Dreadful Rot  Necr/Pois/Air  0%         N/A       100%        2
 Ignite Poison            Fire/Tmut/Pois 0%         N/A       100%        3
 Vhi's Electric Charge    Tloc/Air       0%         N/A       100%        3
 Arcjolt                  Conj/Air       0%         1d10      100%        5
 Freezing Cloud           Conj/Ice/Air   0%         6-21      100%        5
 Plasma Beam              Fire/Air       0%         2x1d11    100%        6


Dungeon Overview and Level Annotations

Branches:
Dungeon (6/15)             Temple (1/1) D:5

Altars:
Ashenzari
Cheibriados
Dithmenos
Fedhas
Gozag
Kikubaaqudgha
Nemelex Xobeh
Sif Muna
Uskayaw
Vehumet
Xom
Zin
The Shining One

Shops:
D:1 [

Annotations:
D:6 Maggie


Innate Abilities, Weirdness & Mutations

You have a pair of horns on your head.
You reflexively headbutt those who attack you in melee.


Message History

You block the hound's attack. The ufetubus barely misses you.
The ufetubus completely misses you.
The white imp hits you but does no damage.
You block Maggie's attack. The hound bites you but does no damage.
You block the ufetubus's attack. The ufetubus completely misses you.
Maggie says, "If you die in the Dungeon, but nobody's around to see it, does it really matter?"
Maggie barely misses you. You furiously retaliate!
You headbutt Maggie!
The white imp hits you but does no damage.
You hit Maggie but do no damage. Your headbutt misses Maggie.
Maggie is moderately wounded.
You break out of your daze.
The hound closely misses you. You furiously retaliate!
You headbutt the hound!
You block the ufetubus's attack. x2; The hound bites you but does no damage.
The ufetubus closely misses you. The ufetubus barely misses you.
The white imp hits you but does no damage.
Maggie hits you with a +0 war axe.
* * * LOW HITPOINT WARNING * * *
The hound bites you but does no damage. The ufetubus closely misses you.
You block the ufetubus's attack.
You hit Maggie. You headbutt Maggie, but do no damage.
Maggie is heavily wounded.
The hound bites you.
* * * LOW HITPOINT WARNING * * *
The ufetubus hits you.
* * * LOW HITPOINT WARNING * * *
The ufetubus hits you but does no damage.
The white imp hits you.
* * * LOW HITPOINT WARNING * * *
The white imp freezes you.
* * * LOW HITPOINT WARNING * * *
Maggie gestures wildly while chanting.
Maggie attempts to bespell you!
You are mesmerised by Maggie!
You block the hound's attack.
The ufetubus hits you but does no damage.
You block the ufetubus's attack. The white imp gestures at you.
The puff of frost hits you!
You die...
Your body crumbles into a pile of gold.

#...# ....# ##. ###
#...#... ..# .. ....#.#
#.# #.## #.....# . #.#
#.... #.....#.. #.# .._.
#........ #.# ...#5@...#
#.# #.###.#@h..## #.#
.......5.#.# #.#
#######?##.###?# #.###
...............#####....
....###.##.....>......##
#######.##.##########.#
.........#.# #######.##
.........#.# #........#
########.#.# #.........


You could see Maggie (mesmerising), a hound, a white imp and an ufetubus.

Vanquished Creatures
  A steam dragon (D:6)
  An ice beast (D:5)
  2 black bears (D:5)
  2 ogres
  A phantom (D:4)
  3 scorpions
  A howler monkey (D:4)
  A hound (D:5)
  A sleepcap (D:5)
  A jelly (D:5)
  Jessica (D:3)
  2 iguanas
  An orc wizard (D:3)
  12 adders
  3 gnolls (D:4)
  A white imp (D:5)
  2 ufetubi
  2 worms
  3 dart slugs
  4 orcs
  3 bats
  8 endoplasms
  3 giant cockroaches
  5 goblins
  4 hobgoblins
  6 jackals
  2 kobolds (D:1)
  4 quokkas
  2 ball pythons
  4 frilled lizards
  2 rats
88 creatures vanquished.

Vanquished Creatures (others)
  An orc (D:6)
1 creature vanquished.

Grand Total: 89 creatures vanquished

Notes
Turn   | Place    | Note
-------+----------+-------------------------------------------
     0 | D:1      | Fodor the Minotaur Fighter began the quest for the Orb.
     0 | D:1      | Reached XP level 1. HP: 19/19 MP: 0/0
    83 | D:1      | Found Vimyun's Armour Shop.
   215 | D:1      | Reached skill level 4 in Shields
   320 | D:1      | Reached XP level 2. HP: 27/27 MP: 1/1
  1019 | D:2      | Reached XP level 3. HP: 33/33 MP: 2/2
  1267 | D:3      | Identified the +5 rapier "Loblex" {heavy, Int+2 Dex+2}
  1281 | D:3      | Reached XP level 4. HP: 37/40 MP: 3/3
  1429 | D:3      | Found a shimmering blue altar of Sif Muna.
  1516 | D:3      | Noticed Jessica
  1518 | D:3      | Killed Jessica
  1519 | D:3      | Reached skill level 5 in Armour
  1591 | D:3      | Found a glowing silver altar of Zin.
  2251 | D:3      | Found a shimmering altar of Xom.
  2282 | D:4      | Noticed a scorpion
  2293 | D:4      | Killed a scorpion
  2294 | D:4      | Reached skill level 1 in Polearms
  2294 | D:4      | Reached XP level 5. HP: 9/47 MP: 4/4
  2470 | D:4      | Reached skill level 1 in Short Blades
  2568 | D:4      | Found a broken altar of Ashenzari.
  2729 | D:4      | Noticed a phantom
  2748 | D:4      | Killed a phantom
  2749 | D:4      | Reached XP level 6. HP: 48/53 MP: 5/5
  2804 | D:4      | Reached skill level 5 in Shields
  3195 | D:4      | Found a shadowy altar of Dithmenos.
  3476 | D:5      | Entered Level 5 of the Dungeon
  3491 | D:5      | Reached XP level 7. HP: 21/60 MP: 6/6
  3706 | D:5      | Reached skill level 5 in Fighting
  3706 | D:5      | Reached skill level 1 in Dodging
  3706 | D:5      | Reached skill level 6 in Shields
  3764 | D:5      | Found a staircase to the Ecumenical Temple.
  3818 | Temple   | Entered the Ecumenical Temple
  3884 | Temple   | Became a worshipper of Gozag Ym Sagoz the Greedy
  4081 | D:5      | Reached XP level 8. HP: 66/70 MP: 7/7
  4345 | D:6      | Reached skill level 7 in Shields
  4369 | D:6      | Found a blossoming altar of Fedhas.
  4384 | D:6      | Noticed Maggie
  4394 | D:6      | Killed from afar by a white imp

Illustrated notes

Levels and vault maps discovered:
D:1:      dpeg_arrival_simpleton_c, layout_loops_ring, serial_shops, shop
D:2:      minmay_alternating_diamond, layout_rooms
D:3:      wad_crossroads, layout_basic, mainiacjoe_overflow_swirl,
          mainiacjoe_overflow_six_doors_small, uniq_jessica
D:4:      minmay_recursive_quarters, layout_loops_cross,
          mainiacjoe_overflow_alcove_2, kennysheep_little_box
D:5:      layout_rooms, minmay_temple_entry_mist
D:6:      layout_loops_ring, mainiacjoe_overflow_cross_hatched,
          nicolae_wu_jian_wuxing_cycle, uniq_maggie
Temple:   nicolae_temple_superstar

Skill      XL: |  1  2  3  4  5  6  7  8 |
---------------+-------------------------+-----
Shields        | 4 5 6 7 |  7.2
Fighting       | 4 5 |  5.8
Armour         | 4 5 6 |  6.8
Long Blades    | 3 |  3.4
Polearms       | 1 2 |  2.2
Short Blades   | 2 3 4 |  4.8
Dodging        | 1 |  1.8
Stealth        | |  0.1

Action                     |  1- 3 |  4- 6 |  7- 9 || total
---------------------------+-------+-------+-------++-------
  Melee: Long sword        |    39 |       |       ||    39
         Headbutt          |    12 |    15 |    11 ||    38
         Trident           |    24 |     2 |       ||    26
         Rapier            |       |    94 |    62 ||   156
    Use: Scroll            |       |     1 |       ||     1
 Armour: Scale mail        |    15 |       |       ||    15
         Chain mail        |    19 |    73 |    67 ||   159
  Dodge: Dodged            |    40 |    35 |    51 ||   126
  Block: Buckler           |     5 |     5 |       ||    10
         Tower shield      |       |    98 |    88 ||   186
